 Dungeon Crawl Stone Soup version 0.21.1-1-g345015fe64 (webtiles) character file.

67 Kohma the Vexing (level 4, -8/21 HPs)
             Began as a Spriggan Enchanter on June 26, 2018.
             Shot with an arrow by a centaur (11 damage)
             ... on level 2 of the Dungeon.
             The game lasted 00:08:57 (2849 turns).

Kohma the Vexing (Spriggan Enchanter)               Turns: 2849, Time: 00:08:58

Health: -8/21      AC:  2    Str:  5    XL:     4   Next: 0%
Magic:  9/10       EV: 18    Int: 16    God:
Gold:   115        SH:  0    Dex: 16    Spells: 4/10 levels left

rFire    . . .     SeeInvis +   a - +1 dagger
rCold    . . .     Gourm    .   (shield restricted)
rNeg     . . .     Faith    .   b - +0 robe
rPois    .         Spirit   .   (helmet restricted)
rElec    .         Reflect  .   (no cloak)
rCorr    .         Harm     .   (gloves unavailable)
MR       .....                  (boots unavailable)
Stlth    +++.......             (no amulet)
HPRegen  0.07/turn              (no ring)
MPRegen  0.12/turn              (no ring)

@: very quick
A: very small, unfitting armour, see invisible, herbivore, speed 3, slow
metabolism 2
a: no special abilities


You were on level 2 of the Dungeon.
You were not hungry.

You visited 1 branch of the dungeon, and saw 2 of its levels.

You collected 115 gold pieces.

Inventory:

Hand Weapons
 a - a +1 dagger (weapon)
Missiles
 e - 86 stones (quivered)
Armour
 b - a +0 robe (worn)
Jewellery
 l - an uncursed ring of protection from fire {unknown}
Scrolls
 i - 2 scrolls of remove curse {unknown}
 j - a scroll of amnesia {unknown}
 m - a scroll of fog {unknown}
 n - a scroll of magic mapping {unknown}
 o - a scroll of random uselessness {unknown}
Potions
 f - 5 potions of curing {unknown}
 g - 2 potions of magic {unknown}
 h - a potion of berserk rage {unknown}
 k - a potion of degeneration {unknown}
Books
 c - a book of Maledictions

   Spells                             Type                      Level
   a - Corona                         Hexes                        1
   b - Ensorcelled Hibernation        Hexes/Ice                    2
   c - Confuse                        Hexes                        3
   d - Tukima's Dance                 Hexes                        3
   e - Dazzling Spray                 Conjuration/Hexes            3
Comestibles
 d - a ration


   Skills:
 + Level 2.0 Short Blades
 - Level 3.0 Dodging
 - Level 4.4 Stealth
 * Level 3.9 Spellcasting
 * Level 4.7 Hexes


You had 4 spell levels left.
You knew the following spells:

 Your Spells              Type           Power        Failure   Level  Hunger
a - Corona                Hex            ###....      2%          1    None
b - Ensorcelled Hibernat  Hex/Ice        ##....       10%         2    ##.....
c - Confuse               Hex            ###.....     7%          3    ###....


Dungeon Overview and Level Annotations

Branches:
Dungeon (2/15)

Altars:
Fedhas
Makhleb
Sif Muna


Innate Abilities, Weirdness & Mutations

You are very small and have problems with some larger weapons.
You are too small for most types of armour.
You have supernaturally acute eyesight. (SInv)
You are a herbivore.
You cover ground extremely quickly.
You need consume almost no food.


Message History

You hit the centaur.
The centaur is almost dead.
The centaur barely misses you.
You barely miss the centaur.
The centaur is almost dead.
The centaur hits you.
You hit the centaur but do no damage.
The centaur is almost dead.
The centaur completely misses you.
You closely miss the centaur.
The centaur is almost dead.
The centaur hits you.
* * * LOW HITPOINT WARNING * * *
The centaur misses you.
You hit the centaur but do no damage.
The centaur is almost dead.
The centaur completely misses you.
The centaur wields a shortbow.
The centaur shoots an arrow.
The arrow hits you!
Ouch! That really hurt!
You die...

........#####..........##
.>.####.#.#....#######..#
...# #...#....# ##.## ...#
###.#....# #..# ...#
#.#....# ##.## #'##
#.#....#### ####..# #.#
#.#...##..###..##.# #.#
#.#..##†##.##.###.# #.#
#.#..#_#@##.##†#..#
#.#######.#..####$##.##.###
#...........####.c###..##
#.#######.#.##.#### ####
#.# #......# #.# ######.#
#.# #.# #.# #.# #.# #.#


You could see a centaur.

Vanquished Creatures
  An adder (D:2)
  2 oozes
  2 dart slugs
  2 leopard geckos (D:1)
  2 bats (D:1)
  4 giant cockroaches
  6 goblins
  8 hobgoblins
  A quokka (D:2)
  2 frilled lizards (D:1)
  8 kobolds
  3 rats (D:1)
41 creatures vanquished.

Notes
Turn   | Place    | Note
-------+----------+-------------------------------------------
     0 | D:1      | Kohma the Spriggan Enchanter began the quest for the Orb.
     0 | D:1      | Reached XP level 1. HP: 9/9 MP: 5/5
   190 | D:1      | Reached XP level 2. HP: 13/13 MP: 7/7
   365 | D:1      | Learned a level 2 spell: Ensorcelled Hibernation
   771 | D:1      | Reached XP level 3. HP: 16/16 MP: 6/9
  1683 | D:2      | Found a burning altar of Makhleb.
  1877 | D:2      | Noticed an ice beast
  2144 | D:2      | Learned a level 3 spell: Confuse
  2639 | D:2      | Found a blossoming altar of Fedhas.
  2832 | D:2      | Found a deep blue altar of Sif Muna.
  2834 | D:2      | Reached XP level 4. HP: 21/21 MP: 10/10
  2835 | D:2      | Noticed a centaur
  2849 | D:2      | Shot with an arrow by a centaur

Skill      XL: |  1  2  3 |
---------------+----------+-----
Spellcasting   | 3 |  3.9
Hexes          | 4 |  4.7
Short Blades   | 2 |  2.0
Dodging        | |  3.0
Stealth        | |  4.4

Action                   |  1- 3 |  4- 6 || total
-------------------------+-------+-------++-------
Melee: Dagger            |    81 |    10 ||    91
 Cast: Corona            |    14 |       ||    14
       Ensorcelled Hiber |    39 |     1 ||    40
 Stab: Sleeping          |    34 |     1 ||    35
  Eat: Ration            |     1 |       ||     1
Armor: Robe              |    11 |     1 ||    12
Dodge: Dodged            |    88 |    11 ||    99
